 Dungeon Crawl Stone Soup version 0.30-a0-56-ge6a4009bfd (webtiles) character file.

Game seed: 12794537479438296286

4 ytrimaz the Insei (level 1, 0/13 HPs)
             Began as an Octopode Transmuter on Sept 10, 2022.
             Slain by a jackal (3 damage)
             ... on level 1 of the Dungeon.
             The game lasted 00:00:11 (47 turns).

ytrimaz the Insei (Octopode Transmuter)               Turns: 47, Time: 00:00:12

Health: 0/13       AC:  1    Str:  9    XL:     1   Next: 60%
Magic:  2/3        EV: 13    Int: 15    God:
Gold:   0          SH:  0    Dex: 12    Spells: 3/4 levels left

rFire   . . .      SeeInvis .      - Unarmed
rCold   . . .      Faith    .    (no shield)
rNeg    . . .      Spirit   .    (helmet currently unavailable)
rPois   .          Reflect  .    (no amulet)
rElec   .          Harm     .    (no ring)
rCorr   .          Rampage  .    (no ring)
Will    .....                    (no ring)
Stlth   +++.......               (no ring)
HPRegen 0.04/turn                (no ring)
MPRegen 0.08/turn                (no ring)
                                 (no ring)
                                 (no ring)

@: appendages (expiring)
A: tentacle spike 3, almost no armour, amphibious, 8 rings, camouflage 1,
gelatinous body 1, (nimble swimmer 1), tentacles
a: End Transformation


You were on level 1 of the Dungeon.
One of your tentacles had grown a beastly spike.
You visited 1 branch of the dungeon, and saw 1 of its levels.


Innate Abilities, Weirdness & Mutations

One of your tentacles has grown a beastly spike.
You cannot wear most types of armour.
You are amphibious.
You can wear up to eight rings at the same time.
Your skin changes colour to match your surroundings (Stealth+).
Your rubbery body absorbs attacks. (AC +1, EV +1)
((You are camouflaged when in or above water. (Stealth+)))
You have tentacles for arms and can constrict up to eight enemies at once.


   Skills:
 - Level 1.0 Fighting
 - Level 2.0 Dodging
 + Level 1.7 Stealth
 - Level 3.0 Unarmed Combat
 - Level 2.0 Spellcasting
 - Level 2.0 Transmutations


You had 3 spell levels left.
You knew the following spells:

 Your Spells              Type           Power      Damage    Failure   Level
a - Beastly Appendage     Tmut           14%        N/A       10%         1

Your spell library contained the following spells:

 Spells                   Type           Power      Damage    Failure   Level
 Wereblood                Tmut           7%         N/A       14%         2
 Spider Form              Tmut/Pois      4%         N/A       41%         3
 Ice Form                 Ice/Tmut       4%         N/A       82%         4

Inventory:

Potions
 a - a potion of lignification

Dungeon Overview and Level Annotations

Branches:
Dungeon (1/15) Zot: 5952

Altars:

#.# #.# #######.#
........#
...h....###
...hh....>#
........#.# #h#.##
###@h..#
####......#
#....####.#
#.##......#
#.######.##
##########.######.#
#..............##.#
#..............##.#
#..###.######..##.#


You could see 2 jackals.


Message History

🤖 Initializing magus.rc ...
Options error: Delay interrupt name "hungry" not recognised. (~/.crawlrc:4375) Options error: Bad monster_list_colour key: strict_neutral (~/.crawlrc:4390) Bad channel name for runrest: 'pray:' ✅ Successfully initialized magus.rc [v1.9.6] Welcome, ytrimaz the Octopode Transmuter.
It is said that the Orb of Zot exists deep within this dungeon.
Press ? for a list of commands and other information.
Found a staircase leading out of the dungeon.
Found a stone staircase leading down.
A goblin comes into view. It is wielding a +0 club.
A goblin is nearby!
A goblin is nearby!
A quokka and 2 jackals come into view.
The goblin shouts!
The jackal barks!
A jackal comes into view.
One of your tentacles grows a vicious spike.
The jackal barks! x2 😎 MP[-1]
You lost 1 mp, and now have 2/3 mp.
You closely miss the quokka. You grab the quokka.
You pierce the quokka.
You tentacle-slap the quokka.
You kill the quokka!
You tentacle-slap the goblin but do no damage.
Your grab misses the goblin.
Your tentacle spike misses the goblin.
The goblin hits you but does no damage.
You tentacle-slap the goblin.
You kill the goblin!
Your Stealth skill increases to level 1!
You barely miss the jackal. Your grab misses the jackal.
You pierce the jackal, but do no damage.
Your squeeze misses the jackal. The jackal bites you. 😕 HP[-2]
You take 2 damage, and now have 11/13 hp.
You barely miss the jackal. You grab the jackal. You constrict the jackal.
The jackal struggles to escape constriction.
You tentacle-slap the jackal but do no damage.
You pierce the jackal, but do no damage.
Your transformation is almost over.
You constrict the jackal, but do no damage.
The jackal escapes!
The jackal bites you. x2 😮 HP[-4]
You take 4 damage, and now have 7/13 hp.
MASSIVE DAMAGE!! (PAUSE)
You tentacle-slap the jackal. You grab the jackal.
You pierce the jackal, but do no damage.
You constrict the jackal.
You kill the jackal!
The jackal barely misses you.
You tentacle-slap the jackal. Your grab misses the jackal.
You pierce the jackal.
The jackal bites you.
* * * LOW HITPOINT WARNING * * *
The jackal barely misses you.
You are too injured to fight recklessly! 😨 HP[-2]
You take 2 damage, and now have 5/13 hp.
Unknown command.
You tentacle-slap the jackal. Your grab misses the jackal.
Your squeeze misses the jackal. The jackal bites you.
* * * LOW HITPOINT WARNING * * *
The jackal bites you but does no damage.
The jackal bites you.
You die...

Skill      XL: |  1 |
---------------+----+-----
Stealth        | 1 |  1.7
Fighting       | |  1.0
Dodging        | |  2.0
Unarmed Combat | |  3.0
Spellcasting   | |  2.0
Transmutations | |  2.0

Action                   || total
-------------------------++-------
Melee: Unarmed           ||     9
       Kick              ||     5
       Constrict         ||     3
       Punch             ||     1
 Cast: Beastly Appendage ||     1
Armor: Skin              ||     2
Dodge: Dodged            ||     2

Levels and vault maps discovered:
D:1:      lemuel_arrival_room, layout_basic

Notes
Turn   | Place    | Note
-------+----------+-------------------------------------------
     0 | D:1      | ytrimaz the Octopode Transmuter began the quest for the
                  | Orb.
     0 | D:1      | Reached XP level 1. HP: 13/13 MP: 3/3
     0 | D:1      | magus.rc [v1.9.6]
    42 | D:1      | Reached skill level 1 in Stealth
    47 | D:1      | HP: 3/13 [jackal (2)]
    47 | D:1      | Slain by a jackal

Vanquished Creatures
  A goblin (D:1)
  A jackal (D:1)
  A quokka (D:1)
3 creatures vanquished.

Table legend:
 A = Non-vault XP
 B = Vault XP
 C = Vault XP percentage of total XP
 D = Non-vault monster count
 E = Vault monster count
 F = Vault count percentage of total count
                 A         B        C        D         E       F
            +---------+---------+-------+---------+---------+-------
      Total |       6 |       0 |   0.0 |       3 |       0 |   0.0
            +---------+---------+-------+---------+---------+-------
        D:1 |       6 |       0 |   0.0 |       3 |       0 |   0.0
            +---------+---------+-------+---------+---------+-------

Illustrated notes

Table legend:
 A = Kills in this place as a percentage of kills in entire the game.
 B = Kills by you in this place as a percentage of kills by you in the entire game.
 C = Kills by friends in this place as a percentage of kills by friends in the entire game.
 D = Other kills in this place as a percentage of other kills in the entire game.
 E = Experience gained in this place as a percentage of experience gained in the entire game.
 F = Experience gained in this place divided by the number of levels of this place that you have seen.
                   A       B       C       D       E      F
               +-------+-------+-------+-------+-------+----------------------
         Total | 100.0 | 100.0 |   N/A |   N/A | 100.0 |   6.0
       Dungeon | 100.0 | 100.0 |   N/A |   N/A | 100.0 |   6.0
               +-------+-------+-------+-------+-------+----------------------

Table legend: (Time is in decaauts)
 A = Elapsed time spent in this place.
 B = Non-inter-level travel time spent in this place.
 C = Inter-level travel time spent in this place.
 D = Time resting spent in this place.
 E = Time spent auto-exploring this place.
 F = Levels seen in this place.
 G = Mean time per level.
                   A        B        C        D        E       F      G
               +--------+--------+--------+--------+--------+-----+--------+
         Total |     46 |     46 |      0 |      0 |     32 |   1 |   46.0 |
       Dungeon |     46 |     46 |      0 |      0 |     32 |   1 |   46.0 |
               +--------+--------+--------+--------+--------+-----+--------+

Top non-repeatable levels by time:
     D:1: 46 daAuts
